 Dungeon Crawl Stone Soup version 0.31-a0-355-g57cb03d3e8 (webtiles) character file.

Game seed: 16468782203441604586

168 randomguy2701 the Chopper (level 5, -17/48 HPs)
             Began as a Hill Orc Monk on July 24, 2023.
             Killed from afar by Ijyb (23 damage)
             ... with a bolt of acid
             ... on level 4 of the Dungeon.
             The game lasted 00:03:07 (2706 turns).

randomguy2701 the Chopper (Hill Orc Monk)           Turns: 2706, Time: 00:03:12

Health: -17/48     AC:  1    Str: 16    XL:     5   Next: 49%
Magic:  5/5        EV:  8    Int: 10    God:
Gold:   183        SH:  0    Dex: 13    Spells: 4/4 levels left

rFire   . . .        t - +2 hand axe (vamp)
rCold   . . .        d - orb {light}
rNeg    . . .        u - +0 chain mail
rPois   .            (no helmet)
rElec   .            (no cloak)
rCorr   .            p - +0 pair of gloves
SInv    .            (no boots)
Will    +....        (no amulet) Stlth
                     n - ring of willpower
HPRegen 0.28/turn    (no ring)
MPRegen 0.09/turn

%: no passive effects
@: confused, ambrosia-drunk, corroded, glowing
A: no striking features
a: no special abilities


You were on level 4 of the Dungeon.
You visited 1 branch of the dungeon, and saw 4 of its levels.

You collected 183 gold pieces.

Inventory:

Hand Weapons
 a - a +0 hand axe
 t - a +2 vampiric hand axe (weapon)
Missiles
 w - 2 throwing nets
Armour
 b - a +0 robe
 d - an orb of light (worn)
 p - a +0 pair of gloves (worn)
 u - a +0 chain mail (worn)
Jewellery
 n - a ring of willpower (left hand)
 s - a ring of resist corrosion
 v - a ring of ice
Scrolls
 e - a scroll of revelation {unknown}
 g - a scroll of noise {unknown}
 i - a scroll of blinking {unknown}
 j - 5 scrolls of identify {unknown}
 m - 2 scrolls of teleportation {unknown}
 r - 2 scrolls of immolation {unknown}
 x - a scroll of silence {unknown}
 y - a scroll of enchant armour {unknown}
Potions
 f - a potion of brilliance {unknown}
 h - a potion of curing {unknown}
 k - a potion of resistance {unknown}
 l - a potion of might {unknown}
 o - a potion of haste {unknown}
 q - a potion of cancellation {unknown}
 z - 2 potions of mutation {unknown}
 A - a potion of attraction {unknown}


   Skills:
 + Level 5.2 Fighting
 + Level 5.5 Axes
 + Level 3.4 Dodging


You had 4 spell levels left.
You didn't know any spells.
Your spell library contained the following spells:

 Spells                   Type           Power      Damage    Failure   Level
 Shock                    Conj/Air       0%         1d3       99%         1
 Blink                    Tloc           0%         N/A       100%        2
 Hailstorm                Conj/Ice       0%         3d3       100%        3
 Swiftness                Air            0%         N/A       100%        3
 Airstrike                Air            0%         2d(0-16)  100%        4
 Manifold Assault         Tloc           0%         N/A       100%        4
 Summon Ice Beast         Ice/Summ       0%         N/A       100%        4
 Simulacrum               Ice/Necr       0%         N/A       100%        6


Dungeon Overview and Level Annotations

Branches:
Dungeon (4/15)
 Temple: D:4-7

Altars:

Shops:
D:3 *[   D:4 (

Annotations:
D:4 Ijyb


Message History

Found an escape hatch in the floor.
A hobgoblin comes into view.
The hobgoblin shouts!
You hear a shout! x2
Ijyb the Twisted Goblin comes into view.
She is wielding a +0 club and carrying a wand of acid.
You hear a shout!
You see here a Trismegistus Codex.
The hobgoblin closely misses you.
You slash the hobgoblin!
You kill the hobgoblin!
A ball python comes into view.
Ijyb barely misses you.
You hit Ijyb.
Ijyb is lightly wounded.
Ijyb hits you with a +0 club.
You slash Ijyb!
You feel better.
Ijyb is moderately wounded.
You hit the ball python.
You kill the ball python!
Ijyb zaps a wand.
The bolt of acid hits you! The acid corrodes you!
You hear a shout!
You closely miss Ijyb.
Ijyb is moderately wounded.
You hear a shout!
Ijyb zaps a wand.
The bolt of acid hits you! The acid corrodes you!
You barely miss Ijyb.
Ijyb is moderately wounded.
Ijyb zaps a wand.
The bolt of acid hits you!!
Ouch! That really hurt!
* * * LOW HITPOINT WARNING * * *
You are too injured to fight recklessly!
You are too injured to fight recklessly!
You are too injured to fight recklessly!
You hit Ijyb but do no damage.
Ijyb is moderately wounded.
A lemure comes into view.
Ijyb zaps a wand.
The bolt of acid hits you!
* * * LOW HITPOINT WARNING * * *
You are confused.
You feel invigorated.
Ijyb zaps a wand.
The bolt of acid hits you!!
You die...

#. # #.
#... .#. 5.
## #...###
#g#>..# #
#.@†#
#.#..##
##.#.#.:#
#∩#.#.#..#
..#.#.#..#
# ##
#.#.###.#.#
.. #
#......#
#####
#..#.##.# #
... #..# #


You could see a lemure and Ijyb.

Vanquished Creatures
  2 orc wizards (D:3)
  4 gnolls (D:2)
  2 adders
  A worm (D:2)
  2 dart slugs
  3 orcs (D:3)
  8 ball pythons
  An endoplasm (D:3)
  2 giant cockroaches (D:1)
  6 goblins
  2 hobgoblins
  3 quokkas
  3 bats
  3 frilled lizards (D:1)
  8 kobolds
  5 rats
55 creatures vanquished.

Notes
Turn   | Place    | Note
-------+----------+-------------------------------------------
     0 | D:1      | randomguy2701 the Hill Orc Monk began the quest for the
                  | Orb.
     0 | D:1      | Reached XP level 1. HP: 19/19 MP: 1/1
   120 | D:1      | Reached XP level 2. HP: 26/27 MP: 2/2
   836 | D:2      | Reached XP level 3. HP: 33/33 MP: 3/3
  1496 | D:2      | Reached XP level 4. HP: 41/41 MP: 4/4
  1509 | D:2      | Reached skill level 5 in Axes
  1906 | D:3      | Found Rioser's Assorted Antiques.
  2027 | D:3      | Reached skill level 5 in Fighting
  2027 | D:3      | Reached XP level 5. HP: 39/48 MP: 5/5
  2130 | D:3      | Found Coisupt's Armour Emporium.
  2180 | D:3      | Identified the +0 robe "Atu Gir" {rN+++ Int+2 Dex-2 Stlth-}
  2684 | D:4      | Found Kupseh's Weapon Shoppe.
  2697 | D:4      | Noticed Ijyb
  2705 | D:4      | Noticed a lemure
  2705 | D:4      | HP: 1/48 [Ijyb/bolt of acid (7)]
  2706 | D:4      | Killed from afar by Ijyb

Illustrated notes

Levels and vault maps discovered:
D:1:      elethiomel_arrival_infinity_welcomes_careful_drivers, layout_basic
D:2:      layout_basic
D:3:      layout_basic, serial_shops, nicolae_square_shop, nicolae_shop_stone,
          kennysheep_nub
D:4:      layout_loops_ring, minmay_temple_entry_drinking_statues, serial_shops,
          nicolae_inconvenience_store, kennysheep_cross_bottleneck, minivault_4,
          uniq_pikel, uniq_grinder, uniq_ijyb

Skill      XL: |  1  2  3  4 |
---------------+-------------+-----
Fighting       | 4 5 |  5.2
Dodging        | 3 |  3.4
Axes           | 5 |  5.5

Action                     |  1- 3 |  4- 6 || total
---------------------------+-------+-------++-------
  Melee: Hand axe          |    80 |    68 ||   148
    Use: Potion            |       |     1 ||     1
 Armour: Robe              |    16 |       ||    16
         Chain mail        |     4 |    28 ||    32
  Dodge: Dodged            |    37 |    26 ||    63

Table legend: (Time is in decaauts)
 A = Elapsed time spent in this place.
 B = Non-inter-level travel time spent in this place.
 C = Inter-level travel time spent in this place.
 D = Time resting spent in this place.
 E = Time spent auto-exploring this place.
 F = Levels seen in this place.
 G = Mean time per level.
                   A        B        C        D        E       F      G
               +--------+--------+--------+--------+--------+-----+--------+
         Total |   2714 |   2616 |     98 |      0 |   2225 |   4 |  678.5 |
       Dungeon |   2714 |   2616 |     98 |      0 |   2225 |   4 |  678.5 |
               +--------+--------+--------+--------+--------+-----+--------+

Top non-repeatable levels by time:
     D:2: 1059 daAuts
     D:1: 830 daAuts
     D:3: 780 daAuts
     D:4: 44 daAuts
